 Dungeon Crawl Stone Soup version 0.14-a0-155-gd989017 (webtiles) character file.

136 Malachi the Chucker (level 3, 30/30 HPs)
             Began as a Centaur Gladiator on Oct 4, 2013.
             Got out of the dungeon alive.
             The game lasted 00:01:33 (575 turns).

Malachi the Chucker (Centaur Gladiator)              Turns: 575, Time: 00:01:33

HP  30/30        AC  5     Str 18      XL: 3   Next: 48%
MP   2/2         EV 10     Int  7      God:
Gold 89          SH  0     Dex  9      Spells:  0 memorised,  2 levels left

Res.Fire  : . . .   See Invis. : .   a - +0 trident
Res.Cold  : . . .   Warding    : .   b - +0 leather armour
Life Prot.: . . .   Conserve   : .   (no shield)
Res.Poison: .       Res.Corr.  : .   c - +0 helmet
Res.Elec. : .       Clarity    : .   (no cloak)
Sust.Abil.: . .     Spirit.Shd : .   (no gloves)
Res.Mut.  : .       Stasis     : .   (no barding)
Res.Rott. : .       Flight     : .   (no amulet)
Saprovore : . . .                    (no ring)
                                     (no ring)

@: very quick, not resistant to hostile enchantments, extremely unstealthy
A: hooves 3, deformed body, herbivore 1, speed 2, fast metabolism 1, tough skin
3
a: no special abilities


You escaped.
You were not hungry.

You visited 1 branch of the dungeon, and saw 2 of its levels.

You collected 69 gold pieces.

Inventory:

Hand weapons
 a - a +0,+0 trident (weapon)
Missiles
 d - 3 throwing nets (quivered)
Armour
 b - a +0 leather armour (worn)
 c - a +0 helmet (worn)
Comestibles
 f - 2 bread rations
 g - a rotting chunk of hobgoblin flesh
 j - 2 rotting chunks of hobgoblin flesh
 k - a chunk of bat flesh
 l - a meat ration
 n - a chunk of bat flesh
Scrolls
 i - a scroll of remove curse {unknown}
Jewellery
 h - a +2 ring of protection {unknown}
Potions
 e - a potion of flight {unknown}
 m - a potion of poison {unknown}


   Skills:
 + Level 2.3 Fighting
 + Level 3.1 Polearms
 + Level 3.1 Throwing
 + Level 0.3 Armour
 + Level 2.6 Dodging


You had 2 spell levels left.
You didn't know any spells.

Dungeon Overview and Level Annotations

Branches:
Dungeon (2/27)

Altars:


Innate Abilities, Weirdness & Mutations

You have hooves in place of feet.
Armour fits poorly on your strangely shaped body.
You digest meat inefficiently.
You cover ground very quickly.
You have a fast metabolism.
You have extremely tough skin (AC +3).


Message History

No target in view!
No target in view!
No target in view!
Things that are here:
a dagger; a robe You see here a bat corpse.
You finish chopping the bat corpse into pieces.
n - a chunk of bat flesh
There is a stone staircase leading up here.
You climb upwards.
There is a stone staircase leading down here.
Unknown command.
Unknown command.
Unknown command.
Ugh!
There is something really disgusting in your inventory. (slot j)
You open the door.
There is an open door here.
There is a staircase leading out of the dungeon here.
Are you sure you want to leave the Dungeon?
This will make you lose the game!
You have escaped!

.............#'###'#.............
.............#.≈#≈.##########....
.......#######.≈≈≈.# #....
.......#######.≈8≈.###########.##
.............#.....#.............
.##.......####♣...♣###########.##
.##.......# #P♣.♣P#### #.##
.##....#>######P.P##..########.##
.##..........#f#@#f#.............
.##....#.######.♣.##.>####.###.##
.##....#.# #♣#♣#...# #.# #.##
.##....#)# ######...# #.# #.##
.......#.# #.# ##.## #.# #.##
.......#.#####.#####.#####.###.##
.......%.........................
....####.#####)#####.#####.###.##
###.# #)#.........#.##.....##.#


There were no monsters in sight!

Vanquished Creatures
  Jessica (D:2)
  An ooze (D:1)
  2 giant cockroaches (D:1)
  7 goblins (D:1)
  7 hobgoblins (D:1)
  2 bats
  A giant newt (D:1)
  A kobold (D:1)
  4 rats (D:1)
26 creatures vanquished.

Notes
Turn   | Place    | Note
--------------------------------------------------------------
     0 | D:1      | Malachi, the Centaur Gladiator, began the quest for the Orb.
     0 | D:1      | Reached XP level 1. HP: 18/18 MP: 0/0
    83 | D:1      | Reached XP level 2. HP: 20/25 MP: 1/1
   145 | D:1      | Reached skill level 3 in Throwing
   443 | D:1      | Reached XP level 3. HP: 28/30 MP: 2/2
   533 | D:2      | Noticed Jessica
   540 | D:2      | Killed Jessica
   575 | D:$      | Got out of the dungeon alive.

Action                   || total
-------------------------++-------
Melee: Trident           ||    84
